 Dungeon Sprint DCSS version 0.30-a0-223-gcb0039aa0c (webtiles) character file.

Game seed: 12530648505433484995

16603 rocky1 the Bludgeoner (level 12, -8/88 HPs)
             Began as a Gargoyle Fighter on Oct 10, 2022.
             Was a High Priest of Okawaru.
             Killed from afar by a black draconian knight (44 damage)
             ... with a bolt of cold
             ... in the Dungeon (Sprint VII: "The Pits").
             The game lasted 00:12:10 (3930 turns).

rocky1 the Bludgeoner (Gargoyle Fighter)            Turns: 3930, Time: 00:12:11

Health: -8/88      AC: 31    Str: 24    XL:     12   Next: 39%
Magic:  15/20      EV: 11    Int: 13    God:    Okawaru [*****.]
Gold:   60         SH:  9    Dex: 12    Spells: 11/11 levels left

rFire   + . .      SeeInvis .    b - +2 morningstar (vorpal)
rCold   . . .      Faith    .    c - +0 buckler
rNeg    + . .      Spirit   .    j - +2 plate armour {rF+}
rPois   ∞          Reflect  .    (no helmet)
rElec   +          Harm     .    t - +0 cloak
rCorr   .          Rampage  .    s - +0 pair of gloves
Will    .....      NoTele   +    (no boots)
Stlth   ..........               (no amulet)
HPRegen 0.34/turn                p - +3 ring of intelligence
MPRegen 0.17/turn                o - +3 ring of dexterity

@: heroic, finesse-ful, slowed, very slow
A: sickness immunity, AC +8, negative energy resistance 1, electricity
resistance, torment resistance 1, petrification resistance
a: Renounce Religion, Heroism, Finesse


You were in the Dungeon.
You worshipped Okawaru.
Okawaru was extremely pleased with you.
You visited 1 branch You collected 60 gold pieces.

Inventory:

Hand Weapons
 a - a +2 war axe of freezing
 b - a +2 vorpal morningstar (weapon)
 g - a +3 scimitar of flaming
Armour
 c - a +0 buckler (worn)
 j - a +2 plate armour of fire resistance (worn)
 s - a +0 pair of gloves (worn)
 t - a +0 cloak (worn)
 C - the +1 tower shield of the Red God {rC++ Str-5 Int+6}
   (Okawaru gifted it to you in the Dungeon)

   Str:       It affects your strength (-5).
   Int:       It affects your intelligence (+6).
   rC:        It greatly protects you from cold.
Jewellery
 o - a +3 ring of dexterity (right hand)
 p - a +3 ring of intelligence (left hand)
 y - a ring of protection from fire
 z - a ring of fire
Wands
 m - a wand of roots (7)
 B - a wand of mindburst (8)
Scrolls
 l - 5 scrolls of amnesia
 n - a scroll of fog
 u - 4 scrolls of enchant armour
 v - 2 scrolls of enchant weapon
 w - a scroll of blinking
 x - a scroll of identify
Potions
 d - 2 potions of might
 e - 9 potions of curing
 f - 13 potions of heal wounds
 h - 4 potions of magic
 k - 3 potions of invisibility
 q - 2 potions of brilliance
 r - 2 potions of mutation
Miscellaneous
 A - a tin of tremorstones (1/2)


   Skills:
 + Level 15.6(20.6) Fighting
 + Level 16.5(21.5) Maces & Flails
 + Level 11.2(16.2) Armour
 + Level 5.4(10.4) Dodging
 - Level 0.2(5.2) Stealth
 - Level 16.1(21.1) Shields
 - Level 11.2 Invocations
 + Level 8.4 Evocations


You had 11 spell levels left.
You didn't know any spells.
Your spell library was empty.

Dungeon Overview and Level Annotations

Branches:
Dungeon (1/1)

Altars:
Ashenzari
Cheibriados
Dithmenos
Elyvilon
Fedhas
Gozag
Hepliaklqana
Kikubaaqudgha
Makhleb
Nemelex Xobeh
Okawaru
Qazlal
Ru
Sif Muna
Trog
Uskayaw
Vehumet
Wu Jian
Xom
Yredelemnul
Zin
The Shining One
Jiyva
Lugonu


Innate Abilities, Weirdness & Mutations

You are immune to sickness and miasma.
Your stone body is resilient. (AC +8)
You are immune to poison.
You resist negative energy. (rN+)
You are resistant to electric shocks. (rElec)
You are resistant to unholy torment.
You are immune to petrification.


Message History

The death cob completely resists.
The bolt of negative energy misses you.
The wizard gestures wildly while chanting.
The wizard blinks!
The death cob hits you but does no damage.
Your tin of tremorstones (1/2) has regained one charge.
Your base Armour skill increases to level 11!
You miss the death cob.
The death cob is heavily damaged.
The death cob hits you!! The death cob drains your vigour!
You feel as though you will be slow longer.
Unknown command.
Unknown command.
You feel much better. You block the death cob's attack. The death cob hits you.
The death cob drains your vigour!
You feel as though you will be slow longer.
You block the death cob's attack.
The spriggan druid mumbles some strange words.
The spriggan druid is healed somewhat.
The death cob hits you but does no damage.
You puncture the death cob!
The death cob is heavily damaged.
You block the death cob's attack.
You puncture the death cob!
The death cob is severely damaged.
The death cob hits you but does no damage.
You block the death cob's attack.
You closely miss the death cob.
The death cob is severely damaged.
The death cob hits you.
You impale the death cob!!
You destroy the death cob!
Okawaru accepts your kill.
The dream sheep bites you but does no damage.
You block the wizard's attack.
You hear some strange, mumbled words.
A bolt of cold appears from out of thin air!
The bolt of cold hits the shadow dragon.
The shadow dragon resists.
The bolt of cold hits you!!!
Ouch! That really hurt!
You die...

#..#....#..#
+..........#
+..........#
#..#....#..#
#..........+
#..........+
###'†####''#
###Yp####''#########
#..@...##...........
#.#D##.##...........
#.#.{ .##..#########
# 'i)# ##..# #.['
#..# #++##########
+|)#. #..#
........##..# ##+#.
#..# .#......##..#
##..# ......÷÷''..#
#..#


You could see a shadow dragon, a spriggan druid, a wizard and a dream sheep.

Vanquished Creatures
  A death cob (D)
  A ghost moth (D)
  A spriggan defender (D)
  A two-headed ogre (D)
  A death yak (D)
  A shadow wraith (D)
  2 lindwurms (D)
  3 harpies (D)
  A wolf spider (D)
  An orc sorcerer (D)
  2 deep elf zephyrmancers (D)
  2 cyclopes (D)
  A black mamba (D)
  A molten gargoyle (D)
  An eye of devastation (D)
  A gargoyle (D)
  A kobold demonologist (D)
  2 demonic crawlers (D)
  Psyche (D)
  An unseen horror (D)
  An ice devil (D)
  An efreet (D)
  A hellwing (D)
  A polar bear (D)
  A guardian mummy (D)
  A dream sheep (D)
  10 blink frogs (D)
  2 flying skulls (D)
  A jumping spider (D)
  4 yaks (D)
  A ynoxinul (D)
  2 wyverns (D)
  A fire elemental (D)
  2 redbacks (D)
  A chaos spawn (D)
  A small abomination (D)
  A warg (D)
  2 floating eyes (D)
  A water moccasin (D)
  2 wolves (D)
  A centaur (D)
  2 scorpions (D)
  3 wights (D)
  3 killer bees (D)
  2 quasits (D)
  An iron imp (D)
  A jelly (D)
  A gnoll (D)
  2 adders (D)
  A river rat (D)
  A white imp (D)
  2 adder zombies (D)
  An adder skeleton (D)
  A ball python (D)
  A bat (D)
  An endoplasm (D)
  A giant cockroach (D)
  2 goblins (D)
  4 jackals (D)
  A kobold (D)
  A ball python skeleton (D)
  A ball python zombie (D)
  A frilled lizard (D)
98 creatures vanquished.

Notes
Turn   | Place    | Note
-------+----------+-------------------------------------------
     0 | D        | rocky1 the Gargoyle Fighter began the quest for the Orb.
     0 | D        | Reached XP level 1. HP: 14/14 MP: 1/1
    29 | D        | Found a bloodstained altar of Trog.
    29 | D        | Found a shimmering blue altar of Sif Muna.
    29 | D        | Found a viscous altar of Jiyva.
    29 | D        | Found a hazy altar of Hepliaklqana.
    29 | D        | Found an opulent altar of Gozag.
    30 | D        | Found a glowing golden altar of the Shining One.
    30 | D        | Found a glowing silver altar of Zin.
    30 | D        | Found a basalt altar of Yredelemnul.
    30 | D        | Found a shimmering altar of Xom.
    30 | D        | Found an ornate altar of the Wu Jian Council.
    30 | D        | Found a sacrificial altar of Ru.
    30 | D        | Found a stormy altar of Qazlal.
    30 | D        | Found an iron altar of Okawaru.
    30 | D        | Found a sparkling altar of Nemelex Xobeh.
    30 | D        | Found a burning altar of Makhleb.
    30 | D        | Found a blossoming altar of Fedhas.
    30 | D        | Found a white marble altar of Elyvilon.
    30 | D        | Found a shadowy altar of Dithmenos.
    30 | D        | Found a snail-covered altar of Cheibriados.
    33 | D        | Found a corrupted altar of Lugonu.
    33 | D        | Found a radiant altar of Vehumet.
    34 | D        | Found an ancient bone altar of Kikubaaqudgha.
    34 | D        | Found a hide-covered altar of Uskayaw.
    34 | D        | Found a broken altar of Ashenzari.
    48 | D        | Became a worshipper of Warmaster Okawaru
    90 | D        | Reached XP level 2. HP: 16/20 MP: 2/2
   235 | D        | Reached XP level 3. HP: 19/25 MP: 3/3
   358 | D        | Noticed a floating eye
   361 | D        | Paralysed by a floating eye for 4 turns
   368 | D        | Killed a floating eye
   369 | D        | Reached skill level 1 in Dodging
   369 | D        | Reached XP level 4. HP: 32/32 MP: 4/4
   369 | D        | Reached XP level 5. HP: 37/37 MP: 5/5
   374 | D        | Reached skill level 5 in Maces & Flails
   439 | D        | Noticed a water moccasin
   439 | D        | Noticed a centaur
   449 | D        | Reached * piety under Okawaru
   459 | D        | Killed a water moccasin
   460 | D        | Reached XP level 6. HP: 21/44 MP: 6/6
   476 | D        | Reached XP level 7. HP: 21/50 MP: 7/7
   718 | D        | Reached ** piety under Okawaru
   752 | D        | Noticed a guardian mummy
   762 | D        | Killed a guardian mummy
  1137 | D        | Noticed a flying skull
  1137 | D        | Noticed a deep elf zephyrmancer
  1153 | D        | Killed a deep elf zephyrmancer
  1154 | D        | Reached skill level 10 in Maces & Flails
  1154 | D        | Reached XP level 8. HP: 28/56 MP: 9/11
  1158 | D        | Killed a flying skull
  1158 | D        | Reached *** piety under Okawaru
  1159 | D        | Reached skill level 10 in Armour
  1159 | D        | Reached skill level 5 in Invocations
  1416 | D        | Noticed Psyche
  1422 | D        | Killed Psyche
  1430 | D        | Reached XP level 9. HP: 62/62 MP: 11/13
  1439 | D        | Killed an unseen horror
  1439 | D        | Reached **** piety under Okawaru
  1440 | D        | Reached skill level 10 in Shields
  1554 | D        | Noticed a hellwing
  1556 | D        | Noticed a deep elf zephyrmancer
  1556 | D        | Noticed a two-headed ogre
  1587 | D        | Killed a hellwing
  1592 | D        | Killed a two-headed ogre
  1602 | D        | Killed a deep elf zephyrmancer
  1603 | D        | Reached XP level 10. HP: 61/68 MP: 14/14
  1843 | D        | Noticed a cyclops
  1857 | D        | Killed a cyclops
  1872 | D        | Noticed a gargoyle
  1876 | D        | Killed a gargoyle
  1886 | D        | Reached ***** piety under Okawaru
  1894 | D        | Received a gift from Okawaru
  1944 | D        | Noticed a demonic crawler
  1958 | D        | Killed a demonic crawler
  2212 | D        | Noticed a black mamba
  2221 | D        | Killed a black mamba
  2222 | D        | Reached skill level 10 in Fighting
  2222 | D        | Reached skill level 15 in Maces & Flails
  2265 | D        | Noticed a molten gargoyle
  2267 | D        | Paralysed by a floating eye for 2 turns
  2280 | D        | Killed a molten gargoyle
  2353 | D        | Noticed a harpy
  2353 | D        | Noticed a harpy
  2353 | D        | Noticed an orc sorcerer
  2354 | D        | Noticed a harpy
  2364 | D        | Killed a harpy
  2365 | D        | Reached skill level 15 in Shields
  2377 | D        | Killed a harpy
  2378 | D        | Reached XP level 11. HP: 54/74 MP: 11/18
  2386 | D        | Killed a harpy
  2387 | D        | Reached skill level 10 in Invocations
  2394 | D        | Killed an orc sorcerer
  3026 | D        | Reached skill level 1 in Evocations
  3050 | D        | Identified the +1 tower shield of the Red God {rC++ Str-5
                  | Int+6} (Okawaru gifted it to you in the Dungeon)
  3050 | D        | Received a gift from Okawaru
  3061 | D        | Reached skill level 5 in Evocations
  3198 | D        | Killed a ghost moth
  3434 | D        | Noticed a wolf spider
  3440 | D        | Killed a wolf spider
  3449 | D        | Killed a shadow wraith
  3450 | D        | Reached XP level 12. HP: 36/86 MP: 20/20
  3686 | D        | Reached skill level 15 in Fighting
  3698 | D        | Noticed a death yak
  3707 | D        | Killed a death yak
  3914 | D        | Noticed a death cob
  3914 | D        | Noticed a shadow dragon
  3914 | D        | Noticed a spriggan defender
  3914 | D        | Noticed a black draconian knight
  3924 | D        | Reached skill level 5 in Dodging
  3924 | D        | Killed a spriggan defender
  3930 | D        | Killed a death cob
  3930 | D        | Killed from afar by a black draconian knight

Illustrated notes

Levels and vault maps discovered:
D:        pitsprint [storerooms_1, entrance_room_1, metal_vault_5, armoury_1,
          mini_pit_1, grid_room_1, main_hall_1, silver_pit, the_coven_3,
          the_vestibule_1, steel_vault_3, golden_pit, hallway_of_sentries,
          crystal_vault_3, iron_vault_1, final_vault]

Skill      XL: |  1  2  3  4  5  6  7  8  9 10 11 12 |
---------------+-------------------------------------+-----
Fighting       | 4 6 7 8 9 11 14 15 | 15.6
Armour         | 4 6 7 8 9 10 11 | 11.2
Shields        | 4 6 7 8 9 13 15 16 | 16.1
Maces & Flails | 3 4 6 7 10 11 13 15 16 | 16.5
Dodging        | 1 2 3 5 |  5.4
Invocations    | 4 5 9 11 | 11.2
Evocations     | 7 8 |  8.4
Stealth        | |  0.2

Action                   |  1- 3 |  4- 6 |  7- 9 | 10-12 || total
-------------------------+-------+-------+-------+-------++-------
Melee: Flail             |    43 |    33 |    66 |       ||   142
       Morningstar       |       |       |    44 |   246 ||   290
       War axe           |       |       |       |    15 ||    15
Invok: Heroism           |       |       |     2 |     6 ||     8
       Finesse           |       |       |       |     3 ||     3
Evoke: Tin of tremorston |       |       |       |     2 ||     2
  Use: Potion            |       |       |     4 |     9 ||    13
       Scroll            |       |       |     1 |     2 ||     3
 Stab: Invisible         |       |       |       |     1 ||     1
Armor: Scale mail        |    21 |     1 |       |       ||    22
       Chain mail        |       |    18 |    59 |     9 ||    86
       Plate armour      |       |       |       |   198 ||   198
Dodge: Dodged            |    26 |    15 |    46 |   103 ||   190
Block: Buckler           |     9 |     8 |    33 |   121 ||   171

Table legend: (Time is in decaauts)
 A = Elapsed time spent in this place.
 B = Non-inter-level travel time spent in this place.
 C = Inter-level travel time spent in this place.
 D = Time resting spent in this place.
 E = Time spent auto-exploring this place.
 F = Levels seen in this place.
 G = Mean time per level.
                   A        B        C        D        E       F      G
               +--------+--------+--------+--------+--------+-----+--------+
         Total |   3866 |   3815 |     51 |   2535 |      0 |   1 | 3866.0 |
       Dungeon |   3866 |   3815 |     51 |   2535 |      0 |   1 | 3866.0 |
               +--------+--------+--------+--------+--------+-----+--------+

Top non-repeatable levels by time:
       D: 3866 daAuts
